Map: Récif abyssal EC

Players

zidar

  • Race: Zerg Zerg
  • Spawn Location: 11:00

arcneon - Winner!

  • Race: Zerg Zerg
  • League: Gold
  • Spawn Location: 5:00

VOD

Have the link to the VOD?

Description

Time

  • Played on: July 24, 2017, 11:02 a.m.
  • Length: 4:01
Show
View Real Time Build Order
Export as new Build Order

zidar Zerg 

Build Orders: Pool First 

Get SALT Encoding   

  12  0:02  Drone  
  13  0:12  Overlord  
  13  0:22  Drone  
  14  0:31  Drone x2  
  14  0:34  Drone  
  17  0:49  Spawning Pool  
  16  0:51  Drone  
  16  0:56  Extractor  
  16  0:57  Drone  
  17  1:21  Hatchery  
  17  1:23  Drone  
  17  1:31  Drone  
  18  1:40  Overlord  
  18  1:53  Zergling x4  
  20  2:21  Metabolic Boost  
  20  2:28  Baneling Nest  
  19  2:32  Queen  
  20  2:42  Zergling x6  
  23  2:56  Zergling x8  
  27  3:13  Baneling x3  
  27  3:16  Queen  
  29  3:39  Drone  
  29  3:40  Drone x2  
Show
View Real Time Build Order
Export as new Build Order

arcneon Zerg - Winner!

Build Orders: Pool First 

Get SALT Encoding   

  12  0:12  Overlord  
  12  0:14  Drone  
  12  0:17  Drone  
  14  0:26  Extractor  
  14  0:27  Drone  
  14  0:35  Drone  
  15  0:46  Drone  
  16  0:55  Spawning Pool  
  16  0:56  Drone  
  16  1:11  Drone  
  17  1:20  Drone  
  18  1:36  Drone  
  18  1:37  Hatchery  
  18  2:02  Zergling x6  
  22  2:14  Overlord  
  22  2:20  Hatchery  
  22  2:22  Metabolic Boost  
  21  2:29  Queen, Baneling Nest  
  22  2:33  Zergling x2  
  23  2:44  Zergling x2  
  24  2:49  Drone  
  25  2:58  Drone  
  26  3:13  Drone  
  27  3:25  Baneling x6  
  27  3:30  Zergling x4  
  29  3:36  Zergling x2  
  32  3:42  Zergling x2  
Tags
 
League
Gold
Matchup
ZvZ
Race
Zerg
Spawn Locations
Cross Positions
Add a new tag
Caveats
  • Supply blocks, unpowered buildings, or Contaminate may cause inaccurate times.
  • Supply counts are checked every 10 seconds.